 Dungeon Crawl Stone Soup version 0.21-a0-404-g291f19a (webtiles) character file.

49637 Raunncipher the Carver (level 14, -5/118 HPs)
             Began as a Minotaur Berserker on Oct 30, 2017.
             Was a High Priest of Trog.
             Slain by THUG4L1F3's ghost (22 damage)
             ... on level 2 of the Shoals on Oct 31, 2017.
             The game lasted 02:49:25 (14557 turns).

Raunncipher the Carver (Minotaur Berserker)        Turns: 14557, Time: 02:49:26

Health: -5/118     AC:  7    Str: 22    XL:     14   Next: 16%
Magic:  18/18      EV: 28    Int:  4    God:    Trog [*****.]
Gold:   666        SH:  6    Dex: 24    Spells: 13/13 levels left

rFire    . . .     SeeInvis .   Z - +2 demon blade (venom)
rCold    . . .     Gourm    .   Q - +0 buckler
rNeg     + + .     Faith    .   O - +1 leather armour of the Orb {*Drain rElec rN++ Dex+4}
rPois    .         Spirit   .   (helmet unavailable)
rElec    +         Reflect  .   t - scarf {cloud immunity}
rCorr    .         Harm     +   (no gloves)
MR       ++...     Rnd*Rage +   s - +0 pair of boots
Stlth    ++........             H - amulet of harm
HPRegen  0.29/turn              P - ring "Piehis" {+Inv +Fly MR+ Dex+5}
MPRegen  0.16/turn              M - +2 ring of evasion

@: berserk cooldown, slowed, very slow
A: retaliatory headbutt, horns 3, berserk 1, frail 1
a: Berserk, Trog's Hand, Brothers in Arms, Burn Spellbooks, Renounce Religion,
Evoke Invisibility, Evoke Flight


You were on level 2 of the Shoals.
You worshipped Trog.
Trog was extremely pleased with you.
You were very hungry.

You visited 3 branches of the dungeon, and saw 17 of its levels.

You collected 960 gold pieces.
You spent 294 gold pieces at shops.

Inventory:

Hand Weapons
 p - a +2 arbalest of freezing
 K - a +3 vampiric triple sword
 V - a +1 long sword of electrocution
 Y - a +0 rapier
 Z - a +2 demon blade of venom (weapon)
Missiles
 u - 23 tomahawks (quivered)
Armour
 s - a +0 pair of boots (worn)
 t - a scarf of cloud immunity (worn)
 O - the +1 leather armour of the Orb (worn) {*Drain rElec rN++ Dex+4}
   (You bought it in a shop on level 9 of the Dungeon)

   It affects your dexterity (+4).
   It insulates you from electricity.
   It greatly protects you from negative energy.
   It causes draining when unequipped.
 Q - a +0 buckler (worn)
Jewellery
 o - an uncursed ring of positive energy
 D - a +3 amulet of reflection {unknown}
 E - an uncursed ring of protection from magic
 H - an amulet of harm (around neck)
 M - a +2 ring of evasion (right hand)
 P - the ring "Piehis" (left hand) {+Inv +Fly MR+ Dex+5}
   (You found it on level 6 of the Lair of Beasts)

   [ring of dexterity]

   It affects your dexterity (+5).
   It affects your resistance to hostile enchantments.
   It lets you turn invisible.
   It lets you fly.
 T - an uncursed ring of protection from cold
Wands
 i - a wand of digging (14/24)
 j - a wand of paralysis (4/24)
 r - a wand of paralysis (19/24)
 I - a wand of digging (13/24)
Scrolls
 a - 3 scrolls of magic mapping {unknown}
 b - 3 scrolls of recharging
 d - 10 scrolls of teleportation
 e - a scroll of enchant weapon
 k - a scroll of immolation {unknown}
 m - a scroll of brand weapon {unknown}
 v - 3 scrolls of acquirement
 y - 3 scrolls of fog
 B - a scroll of amnesia {unknown}
 G - 5 scrolls of identify
 J - a scroll of random uselessness {unknown}
 R - a scroll of enchant armour {unknown}
 S - a scroll of fear
 W - 2 scrolls of remove curse
Potions
 f - 2 potions of haste
 g - 10 potions of curing
 l - a potion of cancellation
 n - a potion of mutation
 w - 2 potions of lignification
 x - 2 potions of heal wounds
 z - a potion of resistance
 F - a potion of might {unknown}
 L - 2 potions of agility
 X - 2 potions of flight {unknown}
Books
 C - a book of Maledictions

   Spells                             Type                      Level
   a - Corona                         Hexes                        1
   b - Ensorcelled Hibernation        Hexes/Ice                    2
   c - Confuse                        Hexes                        3
   d - Tukima's Dance                 Hexes                        3
   e - Dazzling Spray                 Conjuration/Hexes            3
   Trog disapproves of the use of such an item.
 N - a book of Transfigurations

   Spells                             Type                      Level
   a - Irradiate                      Conjuration/Transmutation    5
   b - Statue Form                    Transmutation/Earth          6
   c - Hydra Form                     Transmutation                6
   d - Dragon Form                    Transmutation                7
   Trog disapproves of the use of such an item.
Comestibles
 c - 12 bread rations
 h - 2 chunks of flesh
 q - 6 royal jellies
 U - 13 fruits


   Skills:
 + Level 14.0 Fighting
 * Level 14.4 Long Blades
 - Level 5.0 Throwing
 - Level 11.0 Armour
 + Level 13.9 Dodging
 - Level 4.6 Shields
 + Level 6.7 Evocations


You had 13 spell levels left.
You didn't know any spells.

Dungeon Overview and Level Annotations

Branches:
Dungeon (9/15)             Temple (0/1) D:7            Lair (6/6) D:8
 Shoals (2/4) Lair:4        Snake (0/4) Lair:3        Slime (0/5) Lair:6
    Orc: D:9-12

Altars:
Ru
Sif Muna
Vehumet

Shops:
D:9 [

Annotations:
Lair:4 exclusion: oklob plant
Shoals:2 THUG4L1F3's ghost, adept MiBe


Innate Abilities, Weirdness & Mutations

You reflexively headbutt those who attack you in melee.
You have a pair of large horns on your head.
You tend to lose your temper in combat.
You are frail. (-10% HP)


Message History

You are too injured to fight recklessly!
You hit THUG4L1F3's ghost but do no damage.
You headbutt THUG4L1F3's ghost, but do no damage.
THUG4L1F3's ghost is severely damaged.
You feel very sick.
You slash THUG4L1F3's ghost! Your headbutt misses THUG4L1F3's ghost.
THUG4L1F3's ghost is almost destroyed.
You feel very sick. THUG4L1F3's ghost hits you!!
* * * LOW HITPOINT WARNING * * *
You are more poisoned.
Unknown command.
You are no longer berserk.
You are exhausted.
You feel yourself slow down.
* * * LOW HITPOINT WARNING * * *
You feel extremely sick.
You see here 25 arrows.
You feel better. THUG4L1F3's ghost hits you!!
You die...

≈≈≈≈≈.≈≈≈. ...≈≈≈
≈≈≈≈≈≈≈≈≈.. ..≈...
....≈≈....##......
P....≈≈....#...≈..
#P...≈≈.......≈≈≈.
#.............≈≈≈
.......)).(...≈..
#.(.......≈≈..
##...@W...≈≈≈.
#<......≈≈≈≈≈
##........≈≈≈
#.........≈≈
#......#...≈
#.....##....
#.....# ...
#.....# .. .....#


You could see THUG4L1F3's ghost.

Vanquished Creatures
  Snorg (Lair:4)
  Josephine (Lair:4)
  2 merfolk impalers
  4 hydras
  2 two-headed ogres (D:8)
  An unseen horror (D:7)
  The ghost of THUG4L1F3 the Chopper, a novice MiBe of Trog (D:5)
  A faun (Shoals:1)
  19 elephants
  2 black mambas (Lair:3)
  22 spiny frogs
  A rime drake (Lair:3)
  11 komodo dragons
  2 merfolk (Shoals:1)
  A wind drake (Shoals:1)
  3 polar bears
  4 tyrant leeches (Lair:6)
  A troll (D:9)
  31 blink frogs
  5 dream sheep
  5 hippogriffs
  A snapping turtle (Shoals:1)
  23 yaks
  A spriggan (D:7)
  5 wraiths (Lair:4)
  A wyvern (Lair:3)
  2 basilisks
  6 vampire mosquitoes (Lair:6)
  2 nagas (Lair:3)
  13 water moccasins
  19 porcupines
  2 orc warriors
  2 phantoms
  2 sky beasts
  A black bear (D:9)
  13 wolves
  2 ogres
  A centaur (D:9)
  9 crocodiles
  The ghost of cranach the Conjurer, an amateur DECj (D:3)
  22 bullfrogs
  A gnoll sergeant (D:9)
  5 scorpions
  3 killer bees (D:8)
  4 howler monkeys
  An electric eel (Lair:6)
  2 bullfrog zombies
  5 crimson imps
  3 hounds
  3 orc priests
  A centaur skeleton (D:9)
  3 bullfrog skeletons
  4 jellies
  4 orc wizards
  An iguana (D:4)
  Natasha (twice) (D:4)
  5 worker ants
  A hound zombie (D:9)
  A hound skeleton (D:5)
  3 gnolls (D:9)
  10 adders
  A shadow imp (D:5)
  10 oozes
  An adder zombie (D:8)
  4 adder skeletons
  A worm (D:2)
  9 dart slugs
  6 leopard geckos
  20 orcs
  5 giant cockroaches
  8 goblins
  3 hobgoblins
  11 jackals
  10 kobolds
  3 quokkas
  4 ball pythons
  10 bats
  5 frilled lizards
  A leopard gecko skeleton (D:4)
  A quokka skeleton (D:5)
  8 rats
  A fungus (Lair:6)
432 creatures vanquished.

Vanquished Creatures (others)
  A bush (Lair:6)
  11 fungi
  24 plants
  12 toadstools (D:2)
48 creatures vanquished.

Grand Total: 480 creatures vanquished

Notes
Turn   | Place    | Note
-------+----------+-------------------------------------------
     0 | D:1      | Raunncipher the Minotaur Berserker began the quest for the Orb.
     0 | D:1      | Reached XP level 1. HP: 19/19 MP: 0/0
    91 | D:1      | Reached XP level 2. HP: 27/27 MP: 1/1
   423 | D:1      | Reached XP level 3. HP: 33/33 MP: 2/2
   459 | D:1      | Reached ** piety under Trog
   944 | D:2      | Reached skill level 5 in Long Blades
  1036 | D:3      | Noticed cranach's ghost (amateur DECj)
  1559 | D:2      | Gained mutation: You have a pair of large horns on your head. [potion of mutation]
  1559 | D:2      | Gained mutation: You evolve. [potion of mutation]
  1596 | D:2      | Reached XP level 4. HP: 32/40 MP: 3/3
  1664 | D:2      | Reached XP level 5. HP: 16/46 MP: 4/4
  2088 | D:3      | Reached *** piety under Trog
  2247 | D:4      | Reached XP level 6. HP: 52/52 MP: 5/5
  2458 | D:5      | Entered Level 5 of the Dungeon
  2692 | D:3      | Gained mutation: You tend to lose your temper in combat. [evolution]
  3201 | D:3      | Killed cranach's ghost
  3339 | D:4      | Noticed Natasha
  3346 | D:4      | Killed Natasha
  3476 | D:4      | Reached XP level 7. HP: 56/59 MP: 6/6
  3673 | D:4      | Noticed Natasha
  3676 | D:4      | Killed Natasha
  3844 | D:5      | Reached skill level 10 in Long Blades
  3945 | D:5      | Noticed THUG4L1F3's ghost (novice MiBe)
  3958 | D:5      | Killed THUG4L1F3's ghost
  3958 | D:5      | Reached XP level 8. HP: 66/66 MP: 7/7
  4023 | D:5      | Reached **** piety under Trog
  4694 | D:5      | Found a radiant altar of Vehumet.
  4827 | D:6      | Found a deep blue altar of Sif Muna.
  4847 | D:6      | Reached XP level 9. HP: 71/71 MP: 8/8
  5521 | D:7      | Found a staircase to the Ecumenical Temple.
  5694 | D:7      | Killed an unseen horror
  6002 | D:9      | Found Deag's Antique Armour Boutique.
  6017 | D:9      | Bought an ichor-stained leather armour for 147 gold pieces
  6017 | D:9      | Bought a glowing ring mail for 147 gold pieces
  6064 | D:9      | Noticed a troll
  6073 | D:9      | Killed a troll
  6073 | D:9      | Reached skill level 5 in Fighting
  6168 | D:9      | Reached XP level 10. HP: 78/81 MP: 9/9
  6263 | D:8      | Noticed a two-headed ogre
  6270 | D:8      | Killed a two-headed ogre
  6270 | D:8      | Reached skill level 5 in Armour
  6384 | D:8      | Reached skill level 1 in Shields
  6511 | D:8      | Reached ***** piety under Trog
  6559 | D:8      | Found a staircase to the Lair.
  6587 | D:8      | Found a sacrificial altar of Ru.
  6664 | D:8      | Noticed a two-headed ogre
  6668 | D:8      | Killed a two-headed ogre
  6798 | D:8      | Identified the +1 leather armour of the Orb {*Drain rElec rN++ Dex+4} (You bought it in a shop on level 9 of the Dungeon)
  6806 | Lair:1   | Entered Level 1 of the Lair of Beasts
  6822 | Lair:1   | Noticed a six-headed hydra
  6990 | Lair:1   | Killed a six-headed hydra
  7048 | Lair:2   | Noticed a seven-headed hydra
  7076 | Lair:2   | Reached XP level 11. HP: 77/94 MP: 10/10
  7082 | Lair:2   | Received a gift from Trog
  7247 | Lair:1   | Gained mutation: You are frail. (-10% HP) [evolution]
  7247 | Lair:1   | Lost mutation: You evolve. [end of evolution]
  7681 | Lair:3   | Found a staircase to the Snake Pit.
  7827 | Lair:2   | Reached skill level 10 in Dodging
  8073 | Lair:2   | Killed a seven-headed hydra
  8736 | Lair:2   | Noticed a seven-headed hydra
  8743 | Lair:2   | Killed a seven-headed hydra
  8911 | Lair:3   | Reached skill level 10 in Fighting
  9294 | Lair:3   | Reached skill level 10 in Armour
  9354 | Lair:3   | Reached XP level 12. HP: 93/96 MP: 11/11
  9621 | Lair:4   | Noticed an eight-headed hydra
  9635 | Lair:4   | Killed an eight-headed hydra
  9656 | Lair:4   | Noticed Snorg
  9767 | Lair:4   | Killed Snorg
  9931 | Lair:3   | Reached skill level 1 in Throwing
  9934 | Lair:3   | Reached skill level 1 in Evocations
 10144 | Lair:4   | Noticed Josephine
 10154 | Lair:4   | Killed Josephine
 10164 | Lair:4   | Found a staircase to the Shoals.
 10245 | Lair:4   | Received a gift from Trog
 10269 | Lair:5   | Reached XP level 13. HP: 106/106 MP: 14/14
 10313 | Lair:6   | Entered Level 6 of the Lair of Beasts
 10768 | Lair:4   | Identified 2 scrolls of acquirement
 11965 | Lair:5   | Reached skill level 5 in Throwing
 12344 | Lair:6   | Found a staircase to the Slime Pits.
 12376 | Lair:6   | Reached skill level 5 in Evocations
 13276 | Lair:6   | Received a gift from Trog
 13280 | Lair:6   | Reached XP level 14. HP: 58/117 MP: 17/17
 13768 | Lair:6   | Got a bound brass ring
 13776 | Lair:6   | Identified the ring "Piehis" {+Inv +Fly MR+ Dex+5} (You found it on level 6 of the Lair of Beasts)
 14257 | Shoals:1 | Entered Level 1 of the Shoals
 14535 | Shoals:2 | Noticed THUG4L1F3's ghost (adept MiBe)
 14557 | Shoals:2 | Slain by THUG4L1F3's ghost

Vault maps used:
D:1:      dpeg_arrival_subterranean_lakeside_camping, hangedman_decor_riveting,
          palyth_stone_intersect, amethyst_killhole
D:2:      cheibrodos_fertilizer, first_bread, serial_curves, eino_curves_02,
          eino_curves_04, eino_curves_04, minivault_14
D:3:      kennysheep_slugbush, minmay_misc_feat_columns
D:4:      uniq_natasha
D:5:      lemuel_coloured_pillars_altar
D:6:      minivault_26, led_sif_pool
D:7:      minmay_temple_entry_fiery, the_bakery
D:8:      lair_entry_dummy, hangedman_ru_absence
D:9:      serial_shops, nicolae_shop_trees
Lair:1:   grunt_megastairs_2
Lair:2:   grunt_megastairs_4
Lair:3:   guppyfry_snake_entry_island, beast_lair_carwin_1
Lair:4:   elwin_shoals_entry_rocks, minmay_lair_oklob_chamber,
          grunt_megastairs_5, uniq_snorg, uniq_josephine
Lair:5:   minivault_11, grunt_megastairs_1
Lair:6:   minmay_lair_end_frog_pond, slime_dummy, serial_bayou_shore_b,
          lemuel_fruit_fields

Skill      XL: |  1  2  3  4  5  6  7  8  9 10 11 12 13 14 |
---------------+-------------------------------------------+-----
Long Blades    | 4 5 6 7 9 11 13 14 | 14.4
Fighting       | 4 5 7 10 12 13 14 | 14.0
Armour         | 3 4 7 10 11 | 11.0
Dodging        | 7 9 10 12 13 | 13.9
Shields        | 4 |  4.6
Throwing       | 3 5 |  5.0
Evocations     | 3 6 |  6.7

Action                   |  1- 3 |  4- 6 |  7- 9 | 10-12 | 13-15 || total
-------------------------+-------+-------+-------+-------+-------++-------
Melee: Falchion          |    82 |    94 |   205 |    95 |       ||   476
       Headbutt          |    13 |    18 |    59 |   103 |   101 ||   294
       Rapier            |       |       |       |    28 |       ||    28
       Demon blade       |       |       |       |   200 |   281 ||   481
Throw: Tomahawk          |     2 |    10 |    28 |    34 |    25 ||    99
Invok: Berserk           |       |     5 |     8 |    16 |     5 ||    34
       Burn Spellbooks   |       |       |       |     3 |       ||     3
  Use: Scroll            |     4 |     4 |     2 |     3 |     4 ||    17
       Potion            |     1 |       |     5 |       |     8 ||    14
 Stab: Sleeping          |     1 |       |       |       |     1 ||     2
  Eat: Chunk             |     1 |    10 |    16 |    22 |    17 ||    66
       Fruit             |     1 |     1 |       |     1 |     1 ||     4
       Bread ration      |       |       |       |     1 |       ||     1
Armor: Leather armour    |    21 |    13 |       |    17 |    15 ||    66
       Animal skin       |     1 |       |       |       |       ||     1
       Ring mail         |       |     5 |    32 |       |       ||    37
       Chain mail        |       |       |    11 |    16 |       ||    27
Dodge: Dodged            |    52 |    49 |    91 |   254 |   190 ||   636
Block: Buckler           |       |       |       |    37 |    60 ||    97
       Rpst.: Falchion   |    18 |     9 |    18 |    19 |       ||    64
       Demon blade       |       |       |       |    32 |    43 ||    75

Table legend:
 A = Spawn XP
 B = Non-spawn XP
 C = Spawn XP percentage of total XP
 D = Spawn monster count
 E = Non-spawn monster count
 F = Spawn count percentage of total count
 G = Total turns spent on level
                    A         B        C        D         E        F      G
               +---------+---------+-------+---------+---------+-------+---------
         Total |       0 |   70910 |   0.0 |       0 |     431 |   0.0 | 14557
               +---------+---------+-------+---------+---------+-------+---------
           D:1 |       0 |      60 |   0.0 |       0 |      30 |   0.0 |   880
           D:2 |       0 |     176 |   0.0 |       0 |      28 |   0.0 |  1015
           D:3 |       0 |     211 |   0.0 |       0 |      24 |   0.0 |  1336
           D:4 |       0 |     478 |   0.0 |       0 |      13 |   0.0 |   512
           D:5 |       0 |    1345 |   0.0 |       0 |      30 |   0.0 |   952
           D:6 |       0 |     559 |   0.0 |       0 |      12 |   0.0 |   473
           D:7 |       0 |    1507 |   0.0 |       0 |      17 |   0.0 |   642
           D:8 |       0 |    2933 |   0.0 |       0 |      36 |   0.0 |   908
           D:9 |       0 |     980 |   0.0 |       0 |      14 |   0.0 |   244
        Lair:1 |       0 |    2871 |   0.0 |       0 |      11 |   0.0 |   401
        Lair:2 |       0 |    8464 |   0.0 |       0 |      33 |   0.0 |  1604
        Lair:3 |       0 |    5748 |   0.0 |       0 |      29 |   0.0 |  1118
        Lair:4 |       0 |   12868 |   0.0 |       0 |      47 |   0.0 |   896
        Lair:5 |       0 |   11257 |   0.0 |       0 |      36 |   0.0 |  1785
        Lair:6 |       0 |   17705 |   0.0 |       0 |      64 |   0.0 |  1491
      Shoals:1 |       0 |    2717 |   0.0 |       0 |       6 |   0.0 |   273
      Shoals:2 |       0 |    1031 |   0.0 |       0 |       1 |   0.0 |    27
               +---------+---------+-------+---------+---------+-------+---------
